 Dungeon Crawl Stone Soup version 0.27-a0-597-g524d869a0f (webtiles) character file.

Game seed: 1917807765041672429

138 sahdkjhfkaj the Ruffian (level 5, 0/48 HPs)
             Began as a Naga Transmuter on Mar 11, 2021.
             Was an Initiate of Ashenzari.
             Slain by an ice beast (2 damage)
             ... on level 3 of the Dungeon.
             The game lasted 00:03:19 (3782 turns).

sahdkjhfkaj the Ruffian (Naga Transmuter)           Turns: 3782, Time: 00:03:20

Health: 0/48       AC:  2    Str: 13    XL:     5   Next: 21%
Magic:  8/8        EV: 10    Int: 13    God:    Ashenzari [......]
Gold:   124        SH:  0    Dex: 12    Spells: 7/8 levels left

rFire    . . .     SeeInvis +     - Unarmed
rCold    . . .     Faith    .   (no shield)
rNeg     . . .     Spirit   .   a - +0 robe
rPois    +         Reflect  .   (helmet currently unavailable)
rElec    .         Harm     .   (no cloak)
rCorr    .         Rampage  .   (no gloves)
Will     .....                  (no barding)
Stlth    +.........             d - amulet "Behold Eternity" {RegenMP, Bglg, Cun} (curse)
HPRegen  0.16/turn              (no ring)
MPRegen  0.36/turn              (no ring)

@: appendages (expiring), very slow
A: large, horns 2, see invisible, deformed body, poison resistance, slowness 2,
spit poison 1, naga tail 1, AC +1
a: Spit Poison, End Transformation, Renounce Religion, Curse Item, Shatter the
Chains


You were on level 3 of the Dungeon.
You worshipped Ashenzari.
Ashenzari was noncommittal.
You had grown temporary horns.
You visited 1 branch of the dungeon, and saw 3 of its levels.

You collected 124 gold pieces.

Inventory:

Missiles
 c - 14 poisoned darts
Armour
 a - a +0 robe (worn)
 e - a +0 cloak
Jewellery
 d - the cursed amulet "Behold Eternity" (around neck) {RegenMP, Bglg, Cun}
   (You found it on level 2 of the Dungeon)

   [amulet of magic regeneration]

   It increases your magic regeneration.
   It has a curse placed upon it.
Scrolls
 b - 2 scrolls of amnesia
 D - a scroll of blinking
Potions
 I - 2 potions of invisibility
 N - 2 potions of heal wounds {@q2}


   Skills:
 + Level 2.8 Fighting
 - Level 1.5(2.1) Dodging
 - Level 5.0 Unarmed Combat
 - Level 2.0 Spellcasting
 - Level 2.0 Transmutations


You had 7 spell levels left.
You knew the following spells:

 Your Spells              Type           Power      Damage    Failure   Level
a - Beastly Appendage     Tmut           12%        N/A       11%         1

Your spell library contained the following spells:

 Spells                   Type           Power      Damage    Failure   Level
 Wereblood                Tmut           6%         N/A       17%         2
 Spider Form              Tmut/Pois      1%         N/A       45%         3
 Ice Form                 Ice/Tmut       3%         N/A       86%         4
 Blade Hands              Tmut           3%         N/A       97%         5


Dungeon Overview and Level Annotations

Branches:
Dungeon (3/15)

Altars:
Ashenzari


Innate Abilities, Weirdness & Mutations

Your serpentine skin is tough. (AC +1)
You have supernaturally acute eyesight. (SInv)
Armour fits poorly on your strangely shaped body.
Your system is resistant to poisons. (rPois)
You cover ground very slowly.
You can spit poison.
You have a snake-like lower body.
You have a pair of horns on your head.


Message History

You hit the adder.
You kill the adder!
Your transformation is almost over.
Your horns disappear.
Key pressed, stopping explore.
You see here an adder skeleton.
e - a +0 cloak An ice beast is nearby!
An ice beast is nearby!
An ice beast is nearby!
An ice beast is nearby!
An ice beast is nearby!
You grow a pair of large bovine horns.
Your transformation is almost over.
You extend your transformation's duration.
The ice beast hits you. The ice beast freezes you!
You completely miss the ice beast. You hit the ice beast.
The ice beast is lightly wounded.
Your transformation is almost over.
The ice beast hits you. The ice beast freezes you!
* * * LOW HITPOINT WARNING * * *
You are too injured to fight recklessly!
You are too injured to fight recklessly!
You are too injured to fight recklessly!
You are too injured to fight recklessly!
You are too injured to fight recklessly!
You are too injured to fight recklessly!
You are too injured to fight recklessly!
You are too injured to fight recklessly!
You closely miss the ice beast.
The ice beast is lightly wounded.
The ice beast hits you.
* * * LOW HITPOINT WARNING * * *
The ice beast freezes you!
* * * LOW HITPOINT WARNING * * *
You hit the ice beast.
The ice beast is moderately wounded.
The ice beast hits you.
You die...

..###.#..#..#. #....#............
............#.##....#....#.##.#..
............#............(.......
.................................
.........#....................#..
.................................
..............................#..
..##.....#.....Y.................
..##.....g.....#@##............
....................##...###..
...................## .#.#
.=#................# ...#
.[.......#..#..##... ###.
..###.#..#..#..##...# #
.........#..#........
..###.#..#..#..##..### ...
......... #..#


You could see an ice beast.

Vanquished Creatures
  Jessica (D:3)
  A worker ant (D:3)
  3 adders
  An ooze (D:3)
  A worm (D:2)
  A dart slug (D:2)
  A leopard gecko (D:2)
  5 giant cockroaches
  9 goblins
  2 hobgoblins
  4 jackals (D:3)
  A ball python skeleton (D:2)
  4 bats
  5 frilled lizards
  9 kobolds
  6 rats
54 creatures vanquished.

Notes
Turn   | Place    | Note
-------+----------+-------------------------------------------
     0 | D:1      | sahdkjhfkaj the Naga Transmuter began the quest for the
                  | Orb.
     0 | D:1      | Reached XP level 1. HP: 18/18 MP: 3/3
   267 | D:1      | Found a broken altar of Ashenzari.
   280 | D:1      | Became a worshipper of Ashenzari the Shackled
   286 | D:1      | Reached XP level 2. HP: 17/25 MP: 1/5
  1039 | D:2      | Reached skill level 4 in Unarmed Combat
  1095 | D:2      | Reached XP level 3. HP: 14/31 MP: 4/6
  2609 | D:3      | Reached XP level 4. HP: 26/38 MP: 5/7
  2676 | D:3      | Reached skill level 5 in Unarmed Combat
  3165 | D:3      | Noticed Jessica
  3175 | D:3      | Killed Jessica
  3176 | D:3      | Reached XP level 5. HP: 31/46 MP: 8/8
  3289 | D:3      | Noticed an ice beast
  3781 | D:3      | HP: 2/48 [ice beast (14)]
  3782 | D:3      | Slain by an ice beast

Illustrated notes

Levels and vault maps discovered:
D:1:      scummos_arrival_gate, layout_basic, evilmike_ruin_ashenzari
D:2:      layout_basic
D:3:      layout_basic, gammafunk_ghost_grave, minmay_starry_boxes,
          uniq_natasha, uniq_jessica

Skill      XL: |  1  2  3  4 |
---------------+-------------+-----
Unarmed Combat | 4 5 |  5.0
Fighting       | 2 |  2.8
Dodging        | |  1.5
Spellcasting   | |  2.0
Transmutations | |  2.0

Action                   |  1- 3 |  4- 6 || total
-------------------------+-------+-------++-------
Melee: Unarmed           |   123 |    47 ||   170
       Headbutt          |     8 |     4 ||    12
       Punch             |     2 |     2 ||     4
 Cast: Beastly Appendage |    38 |    12 ||    50
Invok: Curse Item        |     1 |       ||     1
 Abil: Spit Poison       |       |     2 ||     2
  Use: Potion            |     1 |       ||     1
       Scroll            |       |     1 ||     1
 Stab: Sleeping          |     1 |       ||     1
Armor: Robe              |    19 |    14 ||    33
Dodge: Dodged            |    57 |    33 ||    90
Block: Buckler           |     2 |       ||     2

Table legend: (Time is in decaauts)
 A = Elapsed time spent in this place.
 B = Non-inter-level travel time spent in this place.
 C = Inter-level travel time spent in this place.
 D = Time resting spent in this place.
 E = Time spent auto-exploring this place.
 F = Levels seen in this place.
 G = Mean time per level.
                   A        B        C        D        E       F      G
               +--------+--------+--------+--------+--------+-----+--------+
         Total |   4295 |   4226 |     69 |      0 |   3787 |   3 | 1431.7 |
       Dungeon |   4295 |   4226 |     69 |      0 |   3787 |   3 | 1431.7 |
               +--------+--------+--------+--------+--------+-----+--------+

Top non-repeatable levels by time:
     D:2: 1851 daAuts
     D:3: 1224 daAuts
     D:1: 1220 daAuts
